 Dungeon Crawl Stone Soup version 0.30-a0-930-gb9d0489357 (webtiles) character file.

Game seed: 16682050517137500345

42803 clease the Destroyer (level 13, -7/88 HPs)
             Began as a Demonspawn Fire Elementalist on Mar 23, 2023.
             Was a Priest of Vehumet.
             Mangled by an efreet
             ... wielding a +2 scimitar of flaming
              (18 damage)
             ... on level 14 of the Dungeon.
             The game lasted 01:30:51 (17342 turns).

clease the Destroyer (DsFE)                        Turns: 17342, Time: 01:30:52

Health: -7/88      AC: 17    Str:  8    XL:     13   Next: 87%
Magic:  37/37      EV: 14    Int: 28    God:    Vehumet [***...]
Gold:   902        SH:  0    Dex: 14    Spells: 16/35 levels left

rFire   + . .      SeeInvis .    V - staff of fire
rCold   . . .      Faith    .    (no shield)
rNeg    . . .      Spirit   .    g - +2 robe {Archmagi}
rPois   .          Reflect  .    (helmet unavailable)
rElec   .          Rampage  .    G - +0 cloak
rCorr   .          Archmagi +    u - +2 pair of gloves
Will    .....                    (no boots)
Stlth   ++                       (no amulet)
HPRegen 0.34/turn                x - +6 ring of intelligence
MPRegen 0.25/turn                a - ring of magical power

@: sanguine armoured
A: horns 3, powered by pain 2, sanguine armour 2
a: Renounce Religion


You were on level 14 of the Dungeon.
You worshipped Vehumet.
Vehumet was most pleased with you.
You visited 3 branches of the dungeon, and saw 17 of its levels.

You collected 930 gold pieces.
You spent 28 gold pieces at shops.

Inventory:

Hand Weapons
 c - a +0 quarterstaff of speed
 D - a +4 dagger of chaos
 R - the +5 demon whip "Spellbinder" {antimagic, disrupt, Will+}
   (You took it off a centaur warrior on level 13 of the Dungeon)

   Will:      It increases your willpower.
Armour
 g - a +2 robe of the Archmagi (worn)
 t - +0 steam dragon scales
 u - a +2 pair of gloves (worn)
 y - +0 acid dragon scales
 G - a +0 cloak (worn)
 J - the +1 leather armour "Tyfal" {rF++ Will+}
   (You found it on level 11 of the Dungeon)

   rF:        It greatly protects you from fire.
   Will:      It increases your willpower.
 N - a +0 troll leather armour
Magical Staves
 V - a staff of fire (weapon)
Jewellery
 a - a ring of magical power (right hand)
 d - a ring of willpower
 j - a +6 ring of dexterity
 w - a ring of resist corrosion
 x - a +6 ring of intelligence (left hand)
 A - a +6 ring of strength
 B - a ring of poison resistance
 K - a ring of positive energy
 O - a ring of see invisible
 P - the amulet "Lovuliyth" {Faith rC+}
   (You found it on level 13 of the Dungeon)

   [amulet of faith]

   It allows you to gain divine favour quickly.
   rC:        It protects you from cold.
 S - an amulet of magic regeneration
 U - a ring of poison resistance
Wands
 n - a wand of charming (7)
 E - a wand of roots (14)
 M - a wand of digging (15)
 Q - a wand of quicksilver (4)
Scrolls
 k - 3 scrolls of teleportation
 m - a scroll of fog
 s - 3 scrolls of amnesia
 H - 2 scrolls of fear
 I - a scroll of enchant weapon {unknown}
 L - a scroll of torment
 T - a scroll of magic mapping {unknown}
 W - a scroll of identify
Potions
 b - a potion of magic
 e - 7 potions of curing
 f - a potion of degeneration
 h - 3 potions of cancellation
 i - a potion of berserk rage
 l - 2 potions of mutation
 o - 2 potions of lignification
 p - 2 potions of resistance
 q - 4 potions of might
 r - 3 potions of flight
 v - 4 potions of haste
 C - a potion of brilliance
 F - a potion of attraction {unknown}


   Skills:
 + Level 3.8 Fighting
 - Level 9.0 Staves
 - Level 0.1 Armour
 - Level 6.0 Dodging
 - Level 1.7 Stealth
 + Level 11.9 Spellcasting
 + Level 12.0 Conjurations
 + Level 1.2 Translocations
 + Level 11.5 Fire Magic
 + Level 1.1 Air Magic


You had 16 spell levels left.
You knew the following spells:

 Your Spells              Type           Power      Damage    Failure   Level
a - Foxfire               Conj/Fire      100%       2x1d9     1%          1
b - Flame Wave            Conj/Fire      100%       2d21      1%          4
c - Kindle Blastsparks    Fire/Tloc/Air  100%       2d18      1%          3
d - Starburst             Conj/Fire      55%        6d15      1%          6
e - Fireball              Conj/Fire      55%        3d21      1%          5

Your spell library contained the following spells:

 Spells                   Type           Power      Damage    Failure   Level
 Orb of Destruction       Conj           45%        9d12      5%          7
 Freeze                   Ice            100%       1d10      1%          1
 Momentum Strike          Conj/Tloc      100%       3d10      1%          2
 Scorch                   Fire           100%       2d10      1%          2
 Dazzling Flash           Conj/Hex       100%       N/A       1%          3
 Hailstorm                Conj/Ice       66%        3d14      1%          3
 Ignite Poison            Fire/Tmut/Pois 72%        N/A       1%          3
 Inner Flame              Hex/Fire       83%        N/A       1%          3
 Sticky Flame             Conj/Fire      100%       2d11      1%          4
 Frozen Ramparts          Ice            50%        1d8       2%          3
 Beastly Appendage        Tmut           50%        N/A       3%          1
 Lesser Beckoning         Tloc           70%        N/A       3%          2
 Ensorcelled Hibernation  Hex/Ice        50%        N/A       4%          2
 Passwall                 Tmut/Erth      20%        N/A       4%          2
 Sublimation of Blood     Necr           25%        N/A       4%          2
 Wereblood                Tmut           25%        N/A       4%          2
 Gell's Gravitas          Tloc           35%        N/A       6%          3
 Teleport Other           Tloc           35%        N/A       6%          3
 Spider Form              Tmut/Pois      25%        N/A       10%         3
 Anguish                  Hex/Necr       12%        N/A       32%         4
 Cause Fear               Hex            12%        N/A       32%         4
 Spellforged Servitor     Conj/Summ      33%        N/A       50%         7
 Borgnjor's Vile Clutch   Necr/Erth      12%        N/A       67%         5
 Summon Cactus Giant      Summ           12%        N/A       99%         6
 Summon Hydra             Summ           12%        N/A       100%        7
 Discord                  Hex            12%        N/A       100%        8


Dungeon Overview and Level Annotations

Branches:
Dungeon (14/15)            Temple (1/1) D:6            Lair (2/5) D:8
  Snake (0/4) Lair:2          Orc (0/2) D:11
  Swamp: Lair:2-3    Shoals: Lair:2-3    Vaults: D:13-14

Altars:
Ashenzari
Cheibriados
Dithmenos
Fedhas
Gozag
Hepliaklqana
Kikubaaqudgha
Makhleb
Nemelex Xobeh
Okawaru
Qazlal
Ru
Sif Muna
Trog
Uskayaw
Vehumet
Wu Jian
Xom
Yredelemnul

Shops:
D:8 :   D:9 *

Portals:
Trove: D:13 (show slimy rune of Zot)

Annotations:
D:4 Menkaure
D:6 exclusion: statue
D:14 3 runed translucent doors, Waicych's ghost, journeyman GrEE


Innate Abilities, Weirdness & Mutations

You have a pair of large horns on your head.
You sometimes gain power by taking damage.
When seriously injured, your blood forms thick armour. (AC +9)


Message History

The efreet hits you with a +2 scimitar of flaming.
You hit the efreet but do no damage.
The efreet is lightly wounded.
You barely miss the efreet. You headbutt the efreet.
The efreet is lightly wounded.
The efreet hits you with a +2 scimitar of flaming!
Your blood congeals into armour.
The efreet burns you.
As you read the scroll of teleportation, it crumbles to dust.
You feel strangely unstable. The efreet hits you but does no damage.
The efreet gestures at you. The bolt of fire hits you! You resist.
A cyclops comes into view.
Your surroundings seem slightly different.
The cyclops throws a large rock.
The large rock barely misses you. The efreet hits you but does no damage.
The efreet attacks as you move away!
The efreet hits you with a +2 scimitar of flaming.
The efreet burns you.
As you read the scroll of teleportation, it crumbles to dust.
You feel strangely unstable. The efreet closely misses you.
Your surroundings suddenly seem different.
An efreet, 2 centaur warriors and a freezing wraith come into view.
The efreet is wielding a +2 scimitar of flaming.
Found a helmet, 60 gold pieces and 4 stones.
The centaur warrior shouts! x2
The centaur warrior wields a +4 shortbow of freezing.
It is covered in frost.
The centaur warrior shoots an arrow.
The arrow hits you but does no damage. The efreet attacks as you move away!
The efreet closely misses you.
The centaur warrior is engulfed in blazing flames.
The efreet hits you with a +2 scimitar of flaming.
The efreet burns you. The freezing wraith hits you!
* * * LOW HITPOINT WARNING * * *
The freezing wraith freezes you!!
* * * LOW HITPOINT WARNING * * *
The freezing wraith misses you.
You feel better.
The efreet hits you with a +2 scimitar of flaming!!
You die...

..# .###
### ##
##..##
##....##
#.$[...#
#.($.$c#
##.c..○#
##..#R#
####@#
#.....#
#####.#
#.# ##.
#


You could see a centaur warrior and an efreet.

Vanquished Creatures
  2 hydras (D:13)
  A rakshasa (D:13)
  An ogre mage (D:14)
  A hydra (shapeshifter) (D:13)
  9 centaur warriors
  4 two-headed ogres
  An alligator (shapeshifter) (D:13)
  4 boulder beetles
  A tengu warrior (D:13)
  A skeletal warrior (D:12)
  A wizard (D:13)
  A deep elf archer (D:13)
  2 deep elf pyromancers
  An ugly thing (D:13)
  5 cyclopes
  6 manticores
  Maurice (D:9)
  Joseph (D:9)
  4 cane toads
  A gargoyle (D:11)
  A water nymph (shapeshifter) (D:13)
  An unseen horror (D:12)
  Psyche (D:9)
  4 yaktaurs
  2 komodo dragons
  3 kobold demonologists (D:9)
  A rime drake (Lair:1)
  A tengu conjurer (D:13)
  4 trolls
  7 blink frogs
  A wind drake (shapeshifter) (D:13)
  Prince Ribbit (D:5)
  8 slime creatures
  3 shadows
  4 wraiths
  17 yaks
  A vampire (D:10)
  6 vampire mosquitoes
  2 basilisks
  4 steam dragons
  3 nagas (Lair:2)
  A warg (D:11)
  2 acid dragons
  7 water moccasins
  7 black bears
  An orc warrior (D:10)
  A sky beast (D:8)
  2 ice beasts (D:7)
  4 ogres
  6 wolves (Lair:1)
  12 centaurs
  5 kobold brigands (D:9)
  5 bullfrogs
  A scorpion (D:5)
  5 wights (D:7)
  9 killer bees (D:9)
  2 electric eels (D:8)
  4 howler monkeys
  A centaur zombie (D:3)
  6 jellies
  3 hounds
  6 orc priests
  2 sleepcaps
  7 iguanas
  10 orc wizards
  A hound zombie (D:3)
  5 adders
  A shadow imp (D:7)
  2 white imps
  An ufetubus (D:5)
  3 dart slugs (D:1)
  45 orcs
  8 ball pythons
  5 endoplasms
  2 giant cockroaches
  9 goblins
  4 hobgoblins
  3 jackals (D:1)
  19 kobolds
  3 quokkas
  5 bats
  2 frilled lizards (D:1)
  5 rats
355 creatures vanquished.

Vanquished Creatures (collateral kills)
  6 foxfires
6 creatures vanquished.

Vanquished Creatures (others)
  1048 foxfires
  19 fungi
  52 plants
  3 toadstools (D:9)
1122 creatures vanquished.

Grand Total: 1483 creatures vanquished

Notes
Turn   | Place    | Note
-------+----------+-------------------------------------------
     0 | D:1      | clease the Demonspawn Fire Elementalist began the quest for
                  | the Orb.
     0 | D:1      | Reached XP level 1. HP: 13/13 MP: 3/3
   191 | D:1      | Gained mutation: You have a pair of small horns on your
                  | head. [demonic ancestry]
   191 | D:1      | Reached XP level 2. HP: 19/19 MP: 1/5
   554 | D:1      | Reached skill level 1 in Staves
   554 | D:1      | Reached XP level 3. HP: 21/24 MP: 0/6
  1015 | D:2      | You fall into a shaft and drop 2 floors!
  1077 | D:4      | Gained mutation: When seriously injured, your blood forms
                  | armour. (AC +9) [demonic ancestry]
  1077 | D:4      | Reached XP level 4. HP: 26/30 MP: 0/7
  1412 | D:4      | Reached skill level 2 in Conjurations
  1412 | D:4      | Reached XP level 5. HP: 36/36 MP: 4/8
  1769 | D:4      | Noticed Menkaure
  1964 | D:3      | Found a faded altar of an unknown god.
  2510 | D:3      | Reached skill level 1 in Fighting
  2540 | D:3      | Found a basalt altar of Yredelemnul.
  2751 | D:3      | Learned a level 4 spell: Flame Wave
  2995 | D:4      | Gained mutation: You sometimes gain a little power by
                  | taking damage. [demonic ancestry]
  2995 | D:4      | Reached XP level 6. HP: 43/43 MP: 10/10
  3301 | D:5      | Entered Level 5 of the Dungeon
  3366 | D:5      | Found a burning altar of Makhleb.
  3382 | D:5      | Noticed an angel
  3383 | D:5      | Noticed a cacodemon
  3532 | D:5      | Gained mutation: You sometimes gain power by taking damage.
                  | [demonic ancestry]
  3532 | D:5      | Reached XP level 7. HP: 48/48 MP: 11/11
  3581 | D:5      | Noticed Prince Ribbit
  3590 | D:5      | Killed Prince Ribbit
  3599 | D:5      | Reached skill level 5 in Staves
  3710 | D:5      | Reached skill level 3 in Conjurations
  3859 | D:5      | Found a hazy altar of Hepliaklqana.
  3864 | D:5      | Gained mutation: You have a pair of horns on your head.
                  | [demonic ancestry]
  3864 | D:5      | Reached XP level 8. HP: 56/56 MP: 13/13
  3868 | D:5      | Got the Omnibus of Indurated Cinders
  4536 | D:6      | Found a shimmering blue altar of Sif Muna.
  4654 | D:6      | Found a staircase to the Ecumenical Temple.
  4672 | Temple   | Entered the Ecumenical Temple
  4846 | D:6      | Found a radiant altar of Vehumet.
  4871 | D:6      | Reached skill level 4 in Conjurations
  4909 | D:6      | Became a worshipper of Vehumet
  5551 | D:7      | Reached skill level 5 in Fire Magic
  5561 | D:7      | Gained mutation: When seriously injured, your blood forms
                  | thick armour. (AC +9) [demonic ancestry]
  5561 | D:7      | Reached XP level 9. HP: 26/61 MP: 12/16
  5695 | D:7      | Reached skill level 5 in Spellcasting
  5940 | D:7      | Found a broken altar of Ashenzari.
  5991 | D:7      | Reached skill level 5 in Conjurations
  6382 | D:8      | Learned a level 3 spell: Kindle Blastsparks
  6455 | D:8      | Reached * piety under Vehumet
  6455 | D:8      | Offered knowledge of Magic Dart by Vehumet.
  6491 | D:8      | Found a sparkling altar of Nemelex Xobeh.
  6816 | D:8      | Found Zimanic's Book Boutique.
  7028 | D:8      | Found a staircase to the Lair.
  7029 | D:8      | Noticed a komodo dragon
  7053 | D:8      | Killed a komodo dragon
  7237 | Lair:1   | Entered Level 1 of the Lair of Beasts
  7237 | Lair:1   | Noticed a cane toad
  7243 | D:8      | Killed a cane toad
  7245 | D:8      | Reached skill level 6 in Conjurations
  7352 | D:8      | Found an iron altar of Okawaru.
  7364 | D:8      | Found a shimmering altar of Xom.
  7364 | D:8      | Found a shimmering altar of Xom.
  7364 | D:8      | Found a sacrificial altar of Ru.
  7544 | Lair:1   | Reached XP level 10. HP: 9/67 MP: 19/19
  7737 | Lair:1   | You fall into a shaft and drop 1 floor!
  8138 | Lair:1   | Noticed a cane toad
  8152 | Lair:1   | Reached skill level 7 in Conjurations
  8157 | Lair:1   | Killed a cane toad
  8265 | Lair:1   | Offered knowledge of Searing Ray by Vehumet.
  8265 | Lair:1   | Reached ** piety under Vehumet
  8574 | Lair:1   | Identified the +1 robe of Agoraphobia {-Tele rElec rCorr
                  | Archmagi}
  8612 | Lair:1   | Reached skill level 1 in Translocations
  8681 | Lair:2   | Noticed a cane toad
  8684 | Lair:2   | Reached skill level 1 in Air Magic
  8686 | Lair:2   | Killed a cane toad
  8757 | Lair:2   | Reached XP level 11. HP: 75/75 MP: 23/23
  8789 | Lair:2   | Learned a level 6 spell: Starburst
  8872 | Lair:2   | Reached skill level 8 in Conjurations
  9162 | Lair:2   | Noticed a six-headed hydra
  9187 | Lair:2   | Found a staircase to the Snake Pit.
  9597 | D:9      | Noticed Maurice
  9597 | D:9      | Found a stormy altar of Qazlal.
  9612 | D:9      | Killed Maurice
  9663 | D:9      | Offered knowledge of Momentum Strike by Vehumet.
  9699 | D:9      | Noticed a sun demon
  9702 | D:9      | Reached *** piety under Vehumet
 10065 | D:9      | Identified a scroll of acquirement
 10065 | D:9      | Acquired the Atlas of Blasting
 10073 | D:9      | Learned a level 5 spell: Fireball
 10096 | D:9      | Found Unyhik's General Store.
 10102 | D:9      | Bought a scroll of identify for 28 gold pieces
 10335 | D:9      | Noticed Psyche
 10339 | D:9      | Killed Psyche
 10346 | D:9      | Identified the +1 ring mail of the Comet {Will+}
 10447 | D:9      | Offered knowledge of Airstrike by Vehumet.
 10466 | D:9      | Reached skill level 9 in Conjurations
 10549 | D:9      | Noticed Joseph
 10565 | D:9      | Killed Joseph
 10970 | D:10     | Entered Level 10 of the Dungeon
 11825 | D:10     | Found a blossoming altar of Fedhas.
 11899 | D:11     | Noticed a two-headed ogre
 11900 | D:11     | Reached **** piety under Vehumet
 11903 | D:11     | Killed a two-headed ogre
 11904 | D:11     | Reached XP level 12. HP: 81/81 MP: 10/25
 12013 | D:11     | Offered knowledge of Fulminant Prism by Vehumet.
 12135 | D:11     | Identified the +1 leather armour "Tyfal" {rF++ Will+}
 12173 | D:11     | Got the Volume of Rank Bombardment
 12277 | D:11     | Found a staircase to the Orcish Mines.
 12696 | D:12     | Reached skill level 5 in Dodging
 13065 | D:12     | Noticed a two-headed ogre
 13068 | D:12     | Killed a two-headed ogre
 13069 | D:12     | Reached skill level 10 in Conjurations
 13322 | D:12     | Noticed a centaur warrior
 13331 | D:12     | Killed a centaur warrior
 13434 | D:12     | Noticed a boulder beetle
 13448 | D:12     | Reached skill level 10 in Spellcasting
 13539 | D:12     | Killed a boulder beetle
 13540 | D:12     | Reached skill level 10 in Fire Magic
 13764 | D:12     | Identified the +7 flail of Midnight {heavy, +Blink rC+
                  | rCorr Str-3}
 14214 | D:13     | Identified the amulet "Lovuliyth" {Faith rC+}
 14256 | D:13     | Found a hide-covered altar of Uskayaw.
 14267 | D:13     | Noticed a two-headed ogre
 14274 | D:13     | Noticed a boulder beetle
 14276 | D:13     | Noticed a centaur warrior
 14280 | D:13     | Killed a two-headed ogre
 14285 | D:13     | Killed a centaur warrior
 14395 | D:13     | Killed a boulder beetle
 14583 | D:13     | Noticed a centaur warrior
 14598 | D:13     | Killed a centaur warrior
 14653 | D:13     | Noticed a centaur warrior
 14655 | D:13     | Killed a centaur warrior
 14667 | D:13     | Gained mutation: You have a pair of large horns on your
                  | head. [demonic ancestry]
 14667 | D:13     | Reached XP level 13. HP: 60/87 MP: 17/27
 15273 | D:13     | Found a portal to a secret trove of treasure.
 15330 | D:13     | Reached ***** piety under Vehumet
 15589 | D:13     | Offered knowledge of Orb of Destruction by Vehumet.
 15693 | D:13     | Reached skill level 11 in Conjurations
 15848 | D:13     | Identified the +1 leather armour "Lihowize" {Rampage rElec
                  | rCorr}
 16165 | D:13     | Identified the +5 battleaxe "Loopy" {chaos, *Corrode rC+
                  | rN+++ Will+}
 16541 | D:13     | Found a sacrificial altar of Ru.
 17007 | D:14     | Reached skill level 12 in Conjurations
 17270 | D:14     | Found a runed translucent gate.
 17270 | D:14     | Noticed a frost giant
 17271 | D:14     | Found a runed translucent gate.
 17271 | D:14     | Noticed Waicych's ghost (journeyman GrEE)
 17272 | D:14     | Found a runed translucent gate.
 17272 | D:14     | Noticed a tengu reaver
 17342 | D:14     | Mangled by an efreet

Illustrated notes

Levels and vault maps discovered:
D:1:      grunt_arrival_crossed_arrows, layout_basic
D:2:      minmay_door_path, layout_loops_cross, kennysheep_generic_room_11
D:3:      layout_loops_ring, lemuel_zombie_altar_yredelemnul,
          basic_ecumenical_altar
D:4:      layout_basic, uniq_menkaure
D:5:      layout_basic, grunt_temple_overflow_order_and_chaos_2,
          nicolae_overflow_crystal_walls, uniq_prince_ribbit1
D:6:      layout_basic, amcnicky_altar_gilded, vehumet_statue,
          minmay_temple_entry_slanted, minmay_crystal_room
D:7:      layout_cave_pools, ashenzari_conservatory_becter
D:8:      layout_loops_cross, nemelex_xobeh_ov_fountains_minmay,
          doesnt_xom_only_xom, david_lair_shrubbed, serial_shops,
          nicolae_shop_competitors_out_of_business, minivault_21,
          kennysheep_cluttered_room
D:9:      layout_roguey, mainiacjoe_overflow_concentric_impassable,
          serial_shops, nicolae_stop_n_shop_2, minmay_gold_behind_fungi,
          chequers_arboretum, uniq_joseph, uniq_psyche, uniq_maurice
D:10:     layout_gridville, marbit_many_paths
D:11:     layout_rooms, minmay_orc_entry_guard_dogs
D:12:     layout_long_grid, minmay_shattered_shrine
D:13:     minmay_the_grid_octo_tiled_squarecenter
          [minmay_the_grid_octo_checkered, minmay_the_grid_octo_vomiting_pacman,
          minmay_the_grid_octo_teeth, minmay_the_grid_octo_focus,
          minmay_the_grid_square_5x5_megaprize_open,
          minmay_the_grid_square_5x5_comb, minmay_the_grid_square_5x5_seven,
          minmay_the_grid_square_5x5_tetrominoes,
          minmay_the_grid_square_5x5_shrine1], layout_rooms, serial_aquarium,
          aquarium_bridge_square [aquarium_subvault_wall,
          aquarium_subvault_bridge, aquarium_subvault_wall,
          aquarium_subvault_bridge], aquarium_window_2, aquarium_window_fake,
          aquarium_window_2, aquarium_view_4, aquarium_pool_side, enter_trove_3,
          st_stairs_11
D:14:     kennysheep_snake, layout_rooms, hangedman_vaults_entry_quadrant_bands,
          minmay_misc_feat_nine_boxes, gammafunk_ghost_split
Temple:   nicolae_temple_ecumenical_triangle
Lair:1:   layout_big_grid, nicolae_lair_lil_pond, wad_woods_road_02
Lair:2:   layout_loops_ring, minmay_shoals_entry_hut,
          nicolae_snake_entry_squirm, lemuel_fruit_tree

Skill      XL: |  1  2  3  4  5  6  7  8  9 10 11 12 13 |
---------------+----------------------------------------+-----
Dodging        | 2 3 4 6 |  6.0
Staves         | 1 2 3 4 5 6 7 8 9 |  9.0
Fire Magic     | 3 4 5 6 7 9 10 11 | 11.5
Conjurations   | 2 3 4 6 7 9 10 12 | 12.0
Fighting       | 1 2 3 |  3.8
Spellcasting   | 3 4 6 8 9 10 11 | 11.9
Translocations | 1 |  1.2
Air Magic      | 1 |  1.1
Armour         | |  0.1
Stealth        | |  1.7

Action                     |  1- 3 |  4- 6 |  7- 9 | 10-12 | 13-15 || total
---------------------------+-------+-------+-------+-------+-------++-------
  Melee: Quarterstaff      |    43 |    88 |    34 |    48 |     6 ||   219
         Headbutt          |     3 |    16 |     9 |     6 |     3 ||    37
         Staff             |       |       |       |       |     3 ||     3
   Cast: Foxfire           |    41 |    60 |   205 |   270 |    34 ||   610
         Flame Wave        |       |       |    11 |    24 |       ||    35
         Kindle Blastspark |       |       |     1 |     2 |       ||     3
         Fireball          |       |       |       |    29 |    22 ||    51
         Starburst         |       |       |       |    41 |    45 ||    86
    Use: Scroll            |     1 |     6 |     2 |    15 |     3 ||    27
         Potion            |       |       |     1 |     2 |     3 ||     6
   Stab: Sleeping          |     2 |     4 |     1 |       |       ||     7
 Armour: Robe              |     7 |    12 |    19 |    36 |    19 ||    93
  Dodge: Dodged            |    27 |    49 |    46 |   110 |    52 ||   284

Table legend: (Time is in decaauts)
 A = Elapsed time spent in this place.
 B = Non-inter-level travel time spent in this place.
 C = Inter-level travel time spent in this place.
 D = Time resting spent in this place.
 E = Time spent auto-exploring this place.
 F = Levels seen in this place.
 G = Mean time per level.
                   A        B        C        D        E       F      G
               +--------+--------+--------+--------+--------+-----+--------+
         Total |  17287 |  17052 |    235 |   3777 |   9800 |  17 | 1016.9 |
       Dungeon |  15403 |  15171 |    232 |   3174 |   9061 |  14 | 1100.2 |
        Temple |     43 |     43 |      0 |      0 |     26 |   1 |   43.0 |
          Lair |   1839 |   1836 |      3 |    603 |    713 |   2 |  919.5 |
               +--------+--------+--------+--------+--------+-----+--------+

Top non-repeatable levels by time:
    D:13: 3009 daAuts
    D:12: 1568 daAuts
     D:8: 1435 daAuts
     D:9: 1369 daAuts
     D:4: 1305 daAuts
     D:6: 1083 daAuts
    D:10: 1019 daAuts
     D:1: 1006 daAuts
     D:7: 1002 daAuts
     D:3: 957 daAuts
  Lair:2: 935 daAuts
  Lair:1: 903 daAuts
     D:5: 879 daAuts
    D:11: 636 daAuts
    D:14: 127 daAuts
